 Dungeon Sprint DCSS version 0.26-a0-667-g92642533e4 (webtiles) character file.

Game seed: 4841244754658621882

24951 mhtbhm the Sorcerer (level 12, -5/61 HPs)
             Began as a Deep Elf Earth Elementalist on Oct 16, 2020.
             Was the Champion of Vehumet.
             Slain by an anaconda (14 damage)
             ... in the Dungeon (Sprint IX: "|||||||||||||||||||||||||||||").
             The game lasted 00:14:00 (3662 turns).

mhtbhm the Sorcerer (Deep Elf Earth Elementalist)   Turns: 3662, Time: 00:14:00

Health: -5/61      AC: 10    Str:  5    XL:     12   Next: 85%
Magic:  3/43       EV: 14    Int: 29    God:    Vehumet [******]
Gold:   302        SH:  0    Dex: 15    Spells: 31/62 levels left

rFire    . . .     SeeInvis .   v - +0 short sword (venom)
rCold    . . .     Faith    .   (no shield)
rNeg     . . .     Spirit   .   H - +3 robe of Clouds {+Thunder rCloud rElec}
rPois    x         Reflect  .   (no helmet)
rElec    +         Harm     .   t - +0 cloak
rCorr    .         Rampage  .   u - +0 pair of gloves
MR       +....     NoTele   +   m - +0 pair of boots
Stlth    ++++......             (no amulet)
HPRegen  0.20/turn              n - +2 ring of protection
MPRegen  0.28/turn              o - +3 ring of intelligence

@: poison vulnerable, constricted
A: no striking features
a: Renounce Religion, Evoke Thunderclouds


You were in the Dungeon.
You worshipped Vehumet.
Vehumet was exalted by your worship.
You visited 1 branch You collected 1918 gold pieces.
You spent 1616 gold pieces at shops.

Inventory:

Hand Weapons
 v - a +0 short sword of venom (weapon)
 w - a +2 dagger of holy wrath
Missiles
 b - 20 stones (quivered)
Armour
 c - a +2 robe of the Archmagi
 m - a +0 pair of boots (worn)
 t - a +0 cloak (worn)
 u - a +0 pair of gloves (worn)
 x - a +2 robe of magic resistance
 A - a +0 kite shield of reflection
 B - a +0 kite shield of fire resistance
 H - the +3 robe of Clouds (worn) {+Thunder rCloud rElec}
   (You found it in the Dungeon)

   It insulates you from electricity.
Jewellery
 n - a +2 ring of protection (left hand)
 o - a +3 ring of intelligence (right hand)
 D - an uncursed ring of poison resistance
 E - an uncursed ring of ice
 F - an uncursed ring of see invisible
 G - an uncursed ring of protection from magic
Wands
 l - a wand of acid (8)
 z - a wand of disintegration (11)
Scrolls
 i - 3 scrolls of blinking
 j - 3 scrolls of remove curse
 k - 2 scrolls of amnesia
 p - 3 scrolls of identify
 q - 2 scrolls of fog
 r - 6 scrolls of enchant armour
 s - 4 scrolls of fear
Potions
 a - a potion of brilliance
 d - 9 potions of curing
 e - 7 potions of heal wounds
 g - 4 potions of magic
 h - a potion of berserk rage
 I - a potion of resistance
 J - a potion of stabbing
Miscellaneous
 y - a tin of tremorstones (3/3)
 C - a box of beasts (3/3)


   Skills:
 + Level 1.3 Fighting
 + Level 7.1 Dodging
 + Level 7.0 Stealth
 + Level 25.5 Spellcasting
 + Level 7.3 Conjurations
 + Level 5.9 Transmutations
 + Level 5.7 Fire Magic
 + Level 22.1 Earth Magic
 + Level 3.9 Evocations


You had 31 spell levels left.
You knew the following spells:

 Your Spells              Type           Power        Failure   Level
a - Sandblast             Erth           ######       0%          1
b - Passwall              Tmut/Erth      #######.     0%          2
c - Stone Arrow           Conj/Erth      ######       0%          3
d - Lee's Rapid Deconstr  Erth           ########..   0%          5
e - Petrify               Tmut/Erth      #######.     1%          4
f - Bolt of Magma         Conj/Fire/Erth #######...   1%          5
g - Fireball              Conj/Fire      ######....   1%          5
h - Iron Shot             Conj/Erth      #######...   1%          6

Your spell library contained the following spells:

 Spells                   Type           Power        Failure   Level
 Irradiate                Conj/Tmut      ######....   1%          5


Dungeon Overview and Level Annotations

Branches:
Dungeon (1/1)

Altars:
Cheibriados
Dithmenos
Elyvilon
Fedhas
Gozag
Hepliaklqana
Kikubaaqudgha
Makhleb
Nemelex Xobeh
Okawaru
Qazlal
Ru
Sif Muna
Trog
Uskayaw
Vehumet
Wu Jian
Xom
Yredelemnul
Zin
The Shining One
Beogh
Jiyva
Lugonu

Shops:
D (?[}


Message History

Confirm with . or Enter, or press ? or * to list all spells.
You don't have enough magic to cast that spell.
Unknown command.
Unknown command.
Unknown command.
Casting: Bolt of Magma (safe; 1% risk of failure)
Confirm with . or Enter, or press ? or * to list all spells.
You don't have enough magic to cast that spell.
Casting: Bolt of Magma (safe; 1% risk of failure)
Confirm with . or Enter, or press ? or * to list all spells.
Aiming: Sandblast (safe; 0% risk of failure)
Press: ? - help, Shift-Dir - straight line, f/p - anaconda
Aim: an anaconda (severely wounded, constricting you)
The blast of sand hits the anaconda.
The anaconda is severely wounded.
b - 20 stones The anaconda bites you!
* * * LOW HITPOINT WARNING * * *
x2 The anaconda constricts you.
The anaconda bites you!
You die...

▓.▓.▓[▓.▓.▓.▓.▓.▓_
▓.▓.▓.▓.▓[▓.▓.▓.▓_
▓.▓.▓[▓.▓'▓.▓.▓.▓_
▓)▓.▓[▓.▓)▓.▓.▓.▓_
▓'▓.▓[▓.▓)▓.▓.▓.▓_
♣.♣.▓[▓.▓.▓.▓.▓.▓_
♣)♣.▓.▓.▓.▓.▓.▓.▓_
♣S♣.▓)▓.▓.▓.▓÷▓.▓_
♣@♣.▓)▓.▓.▓.▓'▓.▓_
♣.♣.▓)▓.▓.▓.▓†▓.▓_
♣.♣.▓)▓.▓.▓.▓.▓.▓_
♣.♣.▓)▓.▓.▓.▓.▓.▓_
♣.♣.▓)▓.▓.▓.▓.▓.▓_
♣†♣.▓)▓.▓)▓.▓.▓.▓'
♣†♣.▓)▓.▓)▓.▓?▓.▓.
▓.▓.▓.▓.▓)▓.▓[▓.▓.
▓.▓.▓.▓.▓'▓.▓.▓.▓.


You could see an anaconda.

Vanquished Creatures
  Frances (D)
  A nagaraja (D)
  A frost giant (D)
  A fire dragon (D)
  A rakshasa (D)
  A hydra (D)
  2 anacondas (D)
  A centaur warrior (D)
  An ogre mage (D)
  A deep troll earth mage (D)
  A two-headed ogre (D)
  3 orc high priests (D)
  2 shock serpents (D)
  A naga ritualist (D)
  An orc knight (D)
  A deep elf mage (D)
  4 orc sorcerers (D)
  A cyclops (D)
  3 black mambas (D)
  A rime drake (D)
  A yaktaur (D)
  3 komodo dragons (D)
  A tengu conjurer (D)
  3 polar bears (D)
  2 trolls (D)
  A bog body (D)
  A tyrant leech (D)
  A blink frog (D)
  2 slime creatures (D)
  A wraith (D)
  3 yaks (D)
  A wyvern (D)
  2 vampire mosquitoes (D)
  An insubstantial wisp (D)
  4 wargs (D)
  3 water moccasins (D)
  2 hell hounds (D)
  A swamp drake (D)
  12 orc warriors (D)
  A black bear (D)
  5 wolves (D)
  A centaur (D)
  A big kobold (D)
  A bullfrog (D)
  A killer bee (D)
  A howler monkey (D)
  6 orc priests (D)
  A hound (D)
  An orc wizard (D)
  An adder zombie (D)
  An adder skeleton (D)
  A worm (D)
  An adder simulacrum (D)
  A leopard gecko (D)
  13 orcs (D)
  A bat zombie (D)
  A goblin (D)
  2 kobolds (D)
  A bat (D)
  A frilled lizard (D)
  A leopard gecko skeleton (D)
118 creatures vanquished.

Notes
Turn   | Place    | Note
-------+----------+-------------------------------------------
     0 | D        | mhtbhm the Deep Elf Earth Elementalist began the quest for
                  | the Orb.
     0 | D        | Reached XP level 1. HP: 10/10 MP: 6/6
    68 | D        | Noticed a hound
    70 | D        | Reached XP level 2. HP: 15/15 MP: 5/8
    98 | D        | Reached skill level 4 in Spellcasting
   100 | D        | Reached skill level 5 in Earth Magic
   103 | D        | Reached skill level 5 in Spellcasting
   103 | D        | Reached XP level 3. HP: 16/19 MP: 2/11
   187 | D        | Found a roughly hewn altar of Beogh.
   187 | D        | Found a snail-covered altar of Cheibriados.
   187 | D        | Found a shadowy altar of Dithmenos.
   187 | D        | Found a white marble altar of Elyvilon.
   187 | D        | Found a blossoming altar of Fedhas.
   187 | D        | Found an opulent altar of Gozag.
   188 | D        | Found a hazy altar of Hepliaklqana.
   189 | D        | Found a viscous altar of Jiyva.
   190 | D        | Found an ancient bone altar of Kikubaaqudgha.
   191 | D        | Found a corrupted altar of Lugonu.
   192 | D        | Found a burning altar of Makhleb.
   193 | D        | Found a sparkling altar of Nemelex Xobeh.
   194 | D        | Found an iron altar of Okawaru.
   195 | D        | Found a stormy altar of Qazlal.
   196 | D        | Found a sacrificial altar of Ru.
   197 | D        | Found a shimmering blue altar of Sif Muna.
   198 | D        | Found a bloodstained altar of Trog.
   199 | D        | Found a hide-covered altar of Uskayaw.
   200 | D        | Found a radiant altar of Vehumet.
   201 | D        | Found an ornate altar of the Wu Jian Council.
   202 | D        | Found a shimmering altar of Xom.
   203 | D        | Found a basalt altar of Yredelemnul.
   204 | D        | Found a glowing silver altar of Zin.
   205 | D        | Found a glowing golden altar of the Shining One.
   208 | D        | Became a worshipper of Vehumet
   250 | D        | Learned a level 2 spell: Passwall
   254 | D        | Learned a level 3 spell: Stone Arrow
   257 | D        | Noticed a big kobold
   257 | D        | Noticed a centaur
   259 | D        | Reached skill level 6 in Spellcasting
   259 | D        | Reached XP level 4. HP: 15/24 MP: 11/14
   263 | D        | Killed a centaur
   263 | D        | Reached skill level 8 in Spellcasting
   263 | D        | Reached XP level 5. HP: 28/28 MP: 9/17
   264 | D        | Reached * piety under Vehumet
   264 | D        | Offered knowledge of Freeze by Vehumet.
   264 | D        | Reached skill level 5 in Dodging
   264 | D        | Reached skill level 9 in Spellcasting
   270 | D        | Reached ** piety under Vehumet
   270 | D        | Reached skill level 5 in Stealth
   270 | D        | Reached skill level 10 in Spellcasting
   270 | D        | Reached XP level 6. HP: 32/32 MP: 0/21
   306 | D        | Learned a level 5 spell: Lee's Rapid Deconstruction
   311 | D        | Learned a level 4 spell: Petrify
   492 | D        | Noticed a vampire mosquito
   492 | D        | Noticed a two-headed ogre
   492 | D        | Noticed a troll
   492 | D        | Noticed a wraith
   497 | D        | Killed a troll
   497 | D        | Offered knowledge of Searing Ray by Vehumet.
   497 | D        | Reached skill level 11 in Spellcasting
   499 | D        | Killed a two-headed ogre
   499 | D        | Reached skill level 14 in Spellcasting
   499 | D        | Reached XP level 7. HP: 17/37 MP: 3/26
   499 | D        | Reached XP level 8. HP: 19/42 MP: 3/28
   502 | D        | Reached *** piety under Vehumet
   502 | D        | Reached skill level 15 in Spellcasting
   717 | D        | Noticed a polar bear
   717 | D        | Noticed a polar bear
   717 | D        | Noticed a komodo dragon
   721 | D        | Offered knowledge of Ignite Poison by Vehumet.
   721 | D        | Killed a komodo dragon
   721 | D        | Reached **** piety under Vehumet
   721 | D        | Reached skill level 1 in Evocations
   724 | D        | Reached skill level 16 in Spellcasting
   724 | D        | Reached XP level 9. HP: 46/46 MP: 18/31
   786 | D        | Noticed a polar bear
   788 | D        | Killed a polar bear
   788 | D        | Reached skill level 15 in Earth Magic
   788 | D        | Killed a polar bear
   788 | D        | Reached skill level 17 in Spellcasting
   788 | D        | Reached skill level 1 in Conjurations
   788 | D        | Noticed a rime drake
   791 | D        | Reached ***** piety under Vehumet
   792 | D        | Killed a polar bear
   792 | D        | Killed a rime drake
   792 | D        | Reached skill level 1 in Fighting
   868 | D        | Noticed a komodo dragon
   868 | D        | Noticed a black mamba
   873 | D        | Killed a black mamba
   873 | D        | Reached skill level 18 in Spellcasting
   875 | D        | Killed a komodo dragon
   875 | D        | Reached XP level 10. HP: 44/52 MP: 17/34
   881 | D        | Reached ****** piety under Vehumet
   982 | D        | Offered knowledge of Fulminant Prism by Vehumet.
   983 | D        | Reached skill level 19 in Spellcasting
  1192 | D        | Offered knowledge of Bolt of Magma by Vehumet.
  1217 | D        | Noticed an orc knight
  1300 | D        | Killed an orc knight
  1361 | D        | Learned a level 5 spell: Bolt of Magma
  1364 | D        | Offered knowledge of Airstrike by Vehumet.
  1365 | D        | Reached skill level 20 in Spellcasting
  1634 | D        | Offered knowledge of Fireball by Vehumet.
  1646 | D        | Learned a level 5 spell: Fireball
  1878 | D        | Found Ywirhi's Gadget Boutique.
  1878 | D        | Noticed an orc high priest
  1878 | D        | Noticed an orc sorcerer
  1878 | D        | Noticed an orc sorcerer
  1880 | D        | Noticed a rust devil
  1880 | D        | Killed an orc sorcerer
  1880 | D        | Reached skill level 1 in Fire Magic
  1880 | D        | Killed an orc sorcerer
  1880 | D        | Reached XP level 11. HP: 56/56 MP: 33/37
  1882 | D        | Offered knowledge of Orb of Destruction by Vehumet.
  1883 | D        | Noticed an orc high priest
  1884 | D        | Killed an orc high priest
  1884 | D        | Reached skill level 21 in Spellcasting
  1892 | D        | Killed an orc high priest
  1893 | D        | Noticed an orc high priest
  1894 | D        | Noticed an orc sorcerer
  1899 | D        | Killed an orc high priest
  1899 | D        | Killed an orc sorcerer
  1899 | D        | Reached skill level 5 in Conjurations
  1946 | D        | Noticed an orc sorcerer
  1997 | D        | Killed an orc sorcerer
  2072 | D        | Found Kocesman's Antique Armour Shop.
  2207 | D        | Found Pinoobb's Magic Scroll Boutique.
  2211 | D        | Found Tommu's Antique Weapon Shop.
  2224 | D        | Bought a scroll of enchant armour for 82 gold pieces
  2224 | D        | Bought a scroll of enchant armour for 82 gold pieces
  2224 | D        | Bought a scroll of identify for 22 gold pieces
  2226 | D        | Bought a runed robe for 66 gold pieces
  2228 | D        | Bought a tin of tremorstones (3/3) for 440 gold pieces
  2228 | D        | Bought a wand of disintegration (12) for 176 gold pieces
  2228 | D        | Bought a wand of acid (5) for 198 gold pieces
  2232 | D        | Bought a scroll of identify for 22 gold pieces
  2232 | D        | Bought a scroll of fear for 38 gold pieces
  2239 | D        | Bought a runed kite shield for 135 gold pieces
  2239 | D        | Bought a glowing kite shield for 135 gold pieces
  2265 | D        | Bought a box of beasts (3/3) for 220 gold pieces
  2380 | D        | Found the +3 robe of Clouds {+Thunder rCloud rElec}
  2430 | D        | Offered knowledge of Starburst by Vehumet.
  2435 | D        | Noticed an ogre mage
  2438 | D        | Noticed a deep elf mage
  2441 | D        | Noticed a deep troll earth mage
  2445 | D        | Noticed a frost giant
  2446 | D        | Killed an ogre mage
  2446 | D        | Reached skill level 22 in Spellcasting
  2447 | D        | Killed a deep troll earth mage
  2636 | D        | Killed a frost giant
  2803 | D        | Killed a deep elf mage
  2881 | D        | Noticed a centaur warrior
  2884 | D        | Killed a centaur warrior
  2884 | D        | Reached skill level 5 in Transmutations
  2939 | D        | Noticed a rakshasa
  2950 | D        | Noticed a fire dragon
  2951 | D        | Killed a rakshasa
  2951 | D        | Offered knowledge of Iron Shot by Vehumet.
  2951 | D        | Reached skill level 23 in Spellcasting
  3077 | D        | Learned a level 6 spell: Iron Shot
  3091 | D        | Noticed a fire dragon
  3097 | D        | Killed a fire dragon
  3097 | D        | Reached XP level 12. HP: 61/61 MP: 17/41
  3276 | D        | Reached skill level 5 in Fire Magic
  3325 | D        | Noticed Frances
  3331 | D        | Killed Frances
  3491 | D        | Noticed a six-headed hydra
  3493 | D        | Reached skill level 24 in Spellcasting
  3499 | D        | Killed a six-headed hydra
  3499 | D        | Offered knowledge of Irradiate by Vehumet.
  3643 | D        | Noticed a nagaraja
  3648 | D        | Noticed an anaconda
  3650 | D        | Noticed an anaconda
  3651 | D        | Noticed an anaconda
  3658 | D        | Killed a nagaraja
  3658 | D        | Reached skill level 25 in Spellcasting
  3659 | D        | Killed an anaconda
  3661 | D        | Killed an anaconda
  3662 | D        | Slain by an anaconda

Illustrated notes

Levels and vault maps discovered:
D:        linesprint [early_d, line_temple, items_1, d_10, items_2, lair_1,
          lair_end, items_3, orc_1, orc_end, items_4, d_15, swamp_1, shoals_1,
          snake_1, spider_1, d_20, vaults_1, items_5, swamp_end, shoals_end,
          snake_end, spider_end, vaults_end, d_27, items_6, zot_1, zot_end,
          crypt_end, forest_end, elf_end, slime_end, tomb_end, abyss_end,
          pan_hell_end]

Skill      XL: |  1  2  3  4  5  6  7  8  9 10 11 12 |
---------------+-------------------------------------+-----
Earth Magic    | 4 6 7 8 9 13 14 16 18 20 22 | 22.1
Dodging        | 3 4 5 6 7 |  7.1
Spellcasting   | 5 6 8 10 14 16 18 20 23 25 | 25.5
Stealth        | 3 4 5 6 7 |  7.0
Evocations     | 1 2 3 |  3.9
Conjurations   | 1 2 6 7 |  7.3
Fighting       | 1 |  1.3
Transmutations | 2 5 |  5.9
Fire Magic     | 1 4 5 |  5.7

Action                   |  1- 3 |  4- 6 |  7- 9 | 10-12 || total
-------------------------+-------+-------+-------+-------++-------
 Cast: Sandblast         |    14 |     7 |     5 |     1 ||    27
       Stone Arrow       |       |     2 |     1 |    17 ||    20
       Lee's Rapid Decon |       |     4 |    10 |    66 ||    80
       Bolt of Magma     |       |       |       |    12 ||    12
       Petrify           |       |       |       |    16 ||    16
       Fireball          |       |       |       |    19 ||    19
       Iron Shot         |       |       |       |     5 ||     5
Evoke: Wand              |       |       |     3 |     5 ||     8
       Tin of tremorston |       |       |       |     3 ||     3
  Use: Potion            |       |     2 |     1 |     2 ||     5
       Scroll            |       |       |       |     1 ||     1
Armor: Robe              |       |     1 |     3 |     5 ||     9
Dodge: Dodged            |     7 |     6 |     9 |    26 ||    48

Table legend: (Time is in decaauts)
 A = Elapsed time spent in this place.
 B = Non-inter-level travel time spent in this place.
 C = Inter-level travel time spent in this place.
 D = Time resting spent in this place.
 E = Time spent auto-exploring this place.
 F = Levels seen in this place.
 G = Mean time per level.
                   A        B        C        D        E       F      G
               +--------+--------+--------+--------+--------+-----+--------+
         Total |   3660 |   3660 |      0 |   1997 |    616 |   1 | 3660.0 |
       Dungeon |   3660 |   3660 |      0 |   1997 |    616 |   1 | 3660.0 |
               +--------+--------+--------+--------+--------+-----+--------+

Top non-repeatable levels by time:
       D: 3660 daAuts
